 Dungeon Crawl Stone Soup version 0.25.0-9-g26727b657a (webtiles) character file.

Game seed: 5347424998496713525

130 Azhada the Skirmisher (level 5, -6/33 HPs)
             Began as a Gargoyle Fighter on June 20, 2020.
             Killed by divine providence
             ... invoked by an orc priest
              (12 damage)
             ... on level 3 of the Dungeon.
             The game lasted 00:12:54 (2219 turns).

Azhada the Skirmisher (Gargoyle Fighter)            Turns: 2219, Time: 00:12:55

Health: -6/33      AC:  8    Str: 21    XL:     5   Next: 13%
Magic:  5/5        EV:  8    Int:  8    God:
Gold:   135        SH: 10    Dex:  9    Spells: 4/4 levels left

rFire    . . .     SeeInvis .   a - +0 flail
rCold    . . .     Gourm    .   m - +1 kite shield
rNeg     + . .     Faith    .   r - +0 leather armour (curse)
rPois    ∞         Spirit   .   (no helmet)
rElec    +         Reflect  .   (no cloak)
rCorr    .         Harm     .   (no gloves)
MR       .....                  i - +0 pair of boots
Stlth    +.........             (no amulet)
HPRegen  0.11/turn              o - ring of wizardry
MPRegen  0.09/turn              (no ring)

@: no status effects
A: negative energy resistance 1, electricity resistance, unbreathing,
petrification resistance, rot immunity, AC +4
a: no special abilities


You were on level 3 of the Dungeon.
You were not hungry.

You visited 1 branch of the dungeon, and saw 3 of its levels.

You collected 135 gold pieces.

Inventory:

Hand Weapons
 a - a +0 flail (weapon)
 g - a +0 short sword
 k - a +0 dagger
 u - a +0 club
Missiles
 c - 42 arrows
 h - 12 poisoned darts (quivered)
 t - 3 boomerangs
Armour
 b - a +0 scale mail
 e - a +0 kite shield
 i - a +0 pair of boots (worn)
 m - a +1 kite shield (worn)
 p - a +0 chain mail
 r - a cursed +0 leather armour (worn)
Jewellery
 o - a ring of wizardry (left hand)
Wands
 q - a wand of digging (8)
Scrolls
 s - a scroll of fog {unknown}
Potions
 d - 2 potions of might
 l - a potion of brilliance {unknown}
 n - a potion of berserk rage {unknown}
Comestibles
 f - 5 rations
 j - 7 chunks of flesh


   Skills:
 + Level 4.2 Fighting
 + Level 3.0 Maces & Flails
 + Level 4.1 Armour
 + Level 4.2 Shields


You had 4 spell levels left.
You didn't know any spells.
Your spell library was empty.

Dungeon Overview and Level Annotations

Branches:
Dungeon (3/15)

Altars:
Ashenzari
Cheibriados
Xom


Innate Abilities, Weirdness & Mutations

You are resistant to torment.
Your stone body is resilient. (AC +4)
You are immune to poison.
You resist negative energy. (rN+)
You are resistant to electric shocks. (rElec)
You can survive without breathing.
You are immune to petrification.
You are immune to rotting.


Message History

The orc priest hits you but does no damage. x2
You barely miss the orc priest.
The orc priest is almost dead.
The orc hits you with a +0 flail.
* * * LOW HITPOINT WARNING * * *
The orc priest hits you but does no damage.
You hit the orc priest but do no damage.
The orc priest is almost dead.
The orc hits you with a +0 flail.
* * * LOW HITPOINT WARNING * * *
The orc priest barely misses you.
Some of the chunks of flesh in your inventory have rotted away.
You block the orc's attack.
The orc priest calls upon Beogh to heal the orc.
The orc's wounds heal themselves!
You hit the orc priest.
The orc priest is almost dead.
The orc priest mumbles some strange prayers to Beogh against you.
Beogh smites you!
You die...

.#######.######......#######
.....................'.....##
.######.....###......#####..####
#.......#.................
#..............##.###..###
#..........)......# ##.##
#.................# #..#
#...##..oo#######.# ##.##
#...#####@#.<.###.#####.#.
+.........'.............>.
#...###...#...###(...##... #...
#.###...######.###.. #.
#.###.....####.###.#
#...'.....'......#..
#..##.....########..
###..##.....# ######..
##....######## #..>##..


You could see an orc priest and an orc.

Vanquished Creatures
  6 adders
  2 oozes
  A worm (D:3)
  6 dart slugs
  A leopard gecko (D:1)
  3 orcs (D:3)
  A giant cockroach (D:3)
  7 hobgoblins
  10 bats
  4 frilled lizards
  4 goblins (D:1)
  6 kobolds
  5 rats
56 creatures vanquished.

Notes
Turn   | Place    | Note
-------+----------+-------------------------------------------
     0 | D:1      | Azhada the Gargoyle Fighter began the quest for the Orb.
     0 | D:1      | Reached XP level 1. HP: 14/14 MP: 1/1
   236 | D:1      | Reached XP level 2. HP: 19/19 MP: 2/2
   322 | D:1      | Found a shimmering altar of Xom.
   767 | D:2      | Reached XP level 3. HP: 24/24 MP: 3/3
   806 | D:2      | Found a shattered altar of Ashenzari.
  1233 | D:2      | Found a snail-covered altar of Cheibriados.
  1242 | D:2      | Reached XP level 4. HP: 28/29 MP: 4/4
  1995 | D:3      | Reached XP level 5. HP: 30/33 MP: 5/5
  2219 | D:3      | Killed from afar by an orc priest

Illustrated notes

Levels and vault maps discovered:
D:1:      nzn_arrival_crosshair, layout_basic, xom_teletrap_fun
D:2:      layout_loops_ring, ashenzari_altar_1, first_ration,
          kennysheep_slug_shrine
D:3:      minmay_skewed_foursquare, layout_basic, kennysheep_doodads,
          grunt_ministairs_8, uniq_grinder

Skill      XL: |  1  2  3  4 |
---------------+-------------+-----
Fighting       | 4 |  4.2
Armour         | 4 |  4.1
Shields        | 4 |  4.2
Maces & Flails | 3 |  3.0

Action                   |  1- 3 |  4- 6 || total
-------------------------+-------+-------++-------
Melee: Flail             |   158 |   106 ||   264
Throw: Dart              |     5 |       ||     5
  Use: Scroll            |       |     5 ||     5
  Eat: Chunk             |     1 |     4 ||     5
Armor: Scale mail        |    48 |       ||    48
       Chain mail        |    84 |     8 ||    92
       Leather armour    |       |    53 ||    53
Dodge: Dodged            |    46 |    48 ||    94
Block: Kite shield       |   123 |    79 ||   202
